 Dungeon Crawl Stone Soup version 0.19.0-20-gbc5f0c6 (webtiles) character file.

324992 kuniqs the Fencer (level 21, 0/115 HPs)
             Began as a Vine Stalker Artificer on Nov 17, 2016.
             Was the Champion of Elyvilon.
             Killed from afar by Bai Suzhen (39 damage)
             ... with a great wave of water
             ... on level 3 of the Elven Halls.
             The game lasted 02:21:34 (41491 turns).

kuniqs the Fencer (Vine Stalker Artificer)         Turns: 41491, Time: 02:21:34

Health: 0/115      AC: 26    Str: 17    XL:     21   Next: 61%
Magic:  0/31       EV: 22    Int: 11    God:    Elyvilon [******]
Gold:   1377       SH:  0    Dex: 23    Spells: 2 memorised, 18 levels left

rFire  + . .     SeeInvis +     C - +14 plutonium sword {*Contam Stlth-}
rCold  . . .     Gourm    .     X - +5 scale mail of Grace {rElec MR+ Stlth-}
rNeg   . . .     Faith    .     (shield currently unavailable)
rPois  .         Spirit   +     M - +0 helmet
rElec  +         Reflect  .     b - +2 cloak
rCorr  .         Harm     .     (no gloves)
MR     +++..     Clarity  +     V - +2 pair of boots of the Assassin {DetectMon Stab+ Stlth++}
Stlth  ++++......               J - amulet of regeneration
                                B - +4 ring of protection
                                L - ring "Caqut" {rF+ Slay+3}

@: flying
A: fangs 3, see invisible, clarity, regeneration 2, magic shield, antimagic
bite, no device heal 3, rot immunity
a: Lesser Healing, Heal Other, Purification, Greater Healing, Divine Vigour,
Divine Protection, Renounce Religion
}: 2/15 runes: barnacled, gossamer


You were on level 3 of the Elven Halls.
You worshipped Elyvilon.
Elyvilon was exalted by your worship.
You were hungry.

You visited 8 branches of the dungeon, and saw 40 of its levels.
You visited 1 bazaar.
You also visited: Labyrinth, Ossuary and Bailey.

You collected 4446 gold pieces.
You spent 3069 gold pieces at shops.

Inventory:

Hand Weapons
 C - the +14 plutonium sword (weapon) {*Contam Stlth-}
   (You bought it in a shop on level 2 of the Orcish Mines)

   It causes magical contamination when unequipped.
   It makes you less stealthy.
Missiles
 U - 7 throwing nets (quivered)
Armour
 b - a +2 cloak (worn)
 s - the +1 leather armour "Una Kogh" {rF+ rN+ rCorr}
   (You bought it in a shop in a bazaar)

   It protects you from fire.
   It protects you from negative energy.
   It protects you from acid and corrosion.
 M - a +0 helmet (worn)
 V - the +2 pair of boots of the Assassin (worn) {DetectMon Stab+ Stlth++}
   (You bought it in a shop on level 6 of the Dungeon)

   It makes you much more stealthy.
 X - the +5 scale mail of Grace (worn) {rElec MR+ Stlth-}
   (You found it on level 3 of the Lair of Beasts)

   It insulates you from electricity.
   It affects your resistance to hostile enchantments.
   It makes you less stealthy.
Jewellery
 p - an uncursed ring of protection from cold
 B - a +4 ring of protection (right hand)
 D - an uncursed ring of poison resistance
 J - an amulet of regeneration (around neck)
 L - the ring "Caqut" (left hand) {rF+ Slay+3}
   (You found it on level 2 of the Spider Nest)

   [ring of slaying]

   It affects your accuracy and damage with ranged weapons and melee attacks
   (+3).
   It protects you from fire.
 W - an uncursed ring of protection from magic
Wands
 c - a wand of flame (11/48)
 i - a wand of hasting (2/9)
 x - a wand of digging (17/24)
 H - a wand of teleportation (7/9)
 T - a wand of disintegration (10/24)
Scrolls
 g - 4 scrolls of blinking
 j - 4 scrolls of enchant weapon
 k - 7 scrolls of fear
 t - 2 scrolls of fog
 v - 9 scrolls of recharging
 w - a scroll of silence
 y - 7 scrolls of immolation
 z - 6 scrolls of teleportation
 A - a scroll of identify {@r1}
 F - 2 scrolls of summoning
 I - a scroll of magic mapping
 O - a scroll of vulnerability
 P - 2 scrolls of enchant armour
 R - 12 scrolls of remove curse {@r2}
 Z - 2 scrolls of holy word
Potions
 l - 7 potions of agility
 m - 15 potions of curing {@q1}
 n - 4 potions of might
 o - 5 potions of cancellation
 q - 5 potions of brilliance
 r - 6 potions of resistance
 u - 2 potions of haste
 E - a potion of magic
 G - 5 potions of flight
 Q - 3 potions of berserk rage
 Y - a potion of cure mutation
Miscellaneous
 K - 2 sacks of spiders
Comestibles
 a - 4 chunks of flesh
 d - 27 bread rations
 e - 8 meat rations
 f - 29 fruits
 h - a slice of pizza
 N - a beef jerky


   Skills:
 - Level 14.1 Fighting
   Level 10.2(14.9) Short Blades
 + Level 17.5(18.3) Long Blades
 - Level 11.0 Armour
 + Level 14.7 Dodging
 - Level 11.0 Stealth
   Level 8.7 Shields
 - Level 12.0 Invocations
 - Level 2.7 Evocations


You had 18 spell levels left.
You knew the following spells:

 Your Spells              Type           Power        Failure   Level  Hunger
a - Apportation           Tloc           #.........   86%         1    ##.....
b - Summon Small Mammal   Summ           #...         86%         1    ##.....


Dungeon Overview and Level Annotations

Branches:
Dungeon (15/15)            Temple (1/1) D:6            Lair (6/6) D:8
 Shoals (4/4) Lair:3       Spider (4/4) Lair:2        Slime (0/5) Lair:6
    Orc (2/2) D:9             Elf (3/3) Orc:2        Vaults (5/5) D:14
  Crypt (0/3) Vaults:2     Depths (0/5) D:15

Altars:
Ashenzari
Cheibriados
Dithmenos
Elyvilon
Fedhas
Gozag
Hepliaklqana
Kikubaaqudgha
Makhleb
Nemelex Xobeh
Okawaru
Qazlal
Ru
Sif Muna
Trog
Uskayaw
Vehumet
Xom
Yredelemnul
Zin
The Shining One
Jiyva

Shops:
D:4 =   D:6 [   D:10 }   D:12 *   Orc:2 (%((   Vaults:2 %   Vaults:4 :((

Portals:
Trove: D:11 (give +3 gold dragon scales)

Annotations:
D:2 exclusion: downstairs
Lair:5 exclusion: 2 oklob plants
Spider:1 Louise
Elf:2 3 runed doors
Elf:3 Bai Suzhen


Innate Abilities, Weirdness & Mutations

You have razor-sharp teeth.
You heal very quickly.
When hurt, damage is shared between your health and your magic reserves.
Your bite disrupts and absorbs the magic of your enemies.
Potions and wands cannot restore your health.
You are immune to rotting.
You have supernaturally acute eyesight. (SInv)
You possess an exceptional clarity of mind.


Message History

You are feeling hungry.
You are standing in a thunderstorm.
You are struck by lightning!
You resist. The deep elf archer barely misses you.
You riposte.
You closely miss the deep elf archer. Your bite misses the deep elf archer.
Bai Suzhen bites you!! Bai Suzhen completely misses you.
Bai Suzhen tramples you!
You hold your ground!
You slash Bai Suzhen! You bite Bai Suzhen, but do no damage.
You are standing in a thunderstorm.
You are struck by lightning!
You resist. The deep elf archer misses you. Bai Suzhen closely misses you.
Bai Suzhen misses you. Bai Suzhen completely misses you.
You slash Bai Suzhen! You bite Bai Suzhen, but do no damage.
You are standing in a thunderstorm.
The deep elf archer hits you but does no damage.
Bai Suzhen completely misses you. Bai Suzhen misses you.
Bai Suzhen completely misses you.
You completely miss Bai Suzhen. Your bite misses Bai Suzhen.
The deep elf archer completely misses you.
Bai Suzhen breathes water at you. The great wave of water hits you!
You die...

*, *, *#### *, ###...###
** #########
###.......#** #.......#
#..........,* #.......#
#..........,*
#.......####e.........,*
#....)..'.≈@§≈........,*
#....)..####D§.)......,*
#.....(.# #§§.)......,*
#.......# #.≈........,*
#######(# ##+.......#**
###(###*,###...###
##...(.#+** *####**
#.......#* *...*
#.......# ***,..#**


You could see Bai Suzhen and a deep elf archer.

Vanquished Creatures
  Arachne (Spider:3)
  Rupert (Lair:5)
  A lich (Vaults:4)
  A sphinx (Vaults:3)
  2 krakens
  A storm dragon (Vaults:2)
  Kirke (Spider:4)
  Roxanne (Elf:1)
  4 tengu reavers
  Donald (Orc:2)
  2 frost giants
  The ghost of asdu the Severer, a journeyman DDMo of Makhleb (Shoals:4)
  6 fire giants
  2 vault wardens
  7 ghost moths
  Aizul (Shoals:3)
  3 emperor scorpions
  A deep elf sorcerer (Vaults:1)
  2 ghouls
  7 ironheart preservers
  2 stone giants
  4 entropy weavers
  A deep elf demonologist (Vaults:1)
  Azrael (D:12)
  A deep elf annihilator (Vaults:4)
  A dire elephant (Elf:1)
  2 spark wasps
  6 merfolk javelineers
  A minotaur (shapeshifter) (D:15)
  A minotaur (Lab)
  11 merfolk impalers
  5 fire dragons
  6 yaktaur captains
  3 great orbs of eyes
  3 ice dragons
  A rakshasa (Vaults:3)
  4 hydras
  8 vault guards
  The ghost of Chiseanne the Markself, a journeyman DEHu of Gozag (Lair:4)
  4 catoblepae
  A ghost crab (shapeshifter) (D:15)
  An anaconda (shapeshifter) (D:15)
  4 death knights
  2 merfolk avatars
  8 dancing weapons
  7 merfolk aquamancers
  An alligator snapping turtle (Shoals:1)
  A tengu warrior (D:14)
  3 centaur warriors
  2 deep troll earth magi
  2 deep troll shamans
  4 death yaks (Lair:6)
  2 satyrs (Shoals:4)
  12 ogre magi
  An orc high priest (Elf:3)
  17 deep elf knights
  A death drake (Elf:1)
  2 shadow wraiths
  A fire crab (shapeshifter) (Elf:3)
  7 sea snakes
  11 deep trolls
  An unseen horror (D:13)
  2 flayed ghosts
  A skeletal warrior (D:14)
  4 wizards
  2 glowing orange brains
  A lindwurm (Lair:6)
  The ghost of Sapher the Cleaver, a novice DDGl of Makhleb (D:8)
  12 ironbrand convokers
  11 deep elf archers
  A necromancer (Vaults:3)
  A wolf spider zombie (D:15)
  16 harpies
  Pikel (D:5)
  15 orc knights
  A harpy (shapeshifter) (Vaults:4)
  7 hill giants
  18 orb spiders
  56 deep elf magi
  2 fauns (Shoals:1)
  3 orc sorcerers
  13 ugly things
  11 cyclopes
  17 manticores
  A frost giant zombie (Vaults:3)
  A moth of wrath (Spider:3)
  An oklob plant (Lair:5)
  26 wolf spiders
  2 human skeletons (Vaults:3)
  6 sirens
  10 water nymphs
  Maurice (D:12)
  9 elephants
  A fire giant skeleton (Vaults:3)
  A black mamba (Lair:5)
  2 guardian serpents (shapeshifter)
  3 torpor snails (Spider:1)
  6 vault sentinels
  4 gargoyles
  2 kobold demonologists
  3 rime drakes
  An efreet (D:15)
  11 komodo dragons
  9 spiny frogs
  5 demonic crawlers
  12 freezing wraiths
  30 yaktaurs
  A troll (shapeshifter) (Vaults:1)
  6 trolls
  29 merfolk
  A harpy zombie (D:15)
  A wolf spider simulacrum (D:14)
  39 jumping spiders
  A jumping spider (shapeshifter) (Vaults:2)
  A polar bear (Lair:6)
  37 two-headed ogres
  3 tengu conjurers
  13 hippogriffs
  22 blink frogs
  Grinder (D:4)
  3 wind drakes
  11 hornets
  A hippogriff (shapeshifter) (Vaults:2)
  32 slime creatures
  8 dream sheep
  2 air elementals (Elf:1)
  7 snapping turtles
  62 redbacks
  A spriggan (D:7)
  A shadow (D:13)
  5 wraiths
  39 orc warriors
  14 water elementals
  35 tarantellas
  Eustachio (D:6)
  3 wyverns
  4 basilisks
  38 yaks
  6 fire elementals
  3 hogs (Spider:4)
  A steam dragon (D:9)
  3 hungry ghosts
  4 vampire mosquitoes
  Menkaure (Ossuary)
  4 wargs
  A mottled dragon (shapeshifter) (D:15)
  A swamp worm (Elf:2)
  10 water moccasins
  3 mottled dragons
  A soldier ant (D:13)
  8 porcupines
  2 hell hounds (D:12)
  8 ice beasts
  A black bear (shapeshifter) (D:15)
  7 sky beasts
  3 black bears
  2 eyes of draining
  5 phantoms
  9 wolves
  42 ogres
  26 centaurs
  5 big kobolds
  13 crocodiles
  18 bullfrogs
  A wyvern zombie (D:6)
  A gnoll sergeant (D:10)
  5 earth elementals
  A water moccasin zombie (D:7)
  26 killer bees
  5 scorpions
  18 wights
  4 electric eels
  5 howler monkeys
  8 crimson imps
  4 bullfrog zombies
  A centaur zombie (D:7)
  A quasit (D:9)
  7 hounds
  25 orc priests
  6 jellies
  6 centaur skeletons
  27 orc wizards
  A bullfrog skeleton (D:7)
  15 worker ants
  7 hell rats (Lair:6)
  A statue (D:7)
  2 hound skeletons
  3 mummies (Ossuary)
  14 adders
  13 gnolls
  4 shadow imps
  2 adder skeletons (D:7)
  3 worms (D:2)
  A dart slug (D:3)
  7 leopard geckos
  96 orcs
  8 bats
  7 giant cockroaches
  11 goblins
  13 hobgoblins
  13 jackals
  38 kobolds
  5 quokkas
  A ball python (D:3)
  6 frilled lizards
  4 gnoll skeletons (Ossuary)
  2 gnoll zombies (Ossuary)
  2 goblin skeletons (Ossuary)
  5 goblin zombies (Ossuary)
  3 hobgoblin skeletons (Ossuary)
  A hobgoblin zombie (Ossuary)
  A jackal skeleton (D:4)
  A kobold skeleton (Ossuary)
  3 kobold zombies (Ossuary)
  A leopard gecko skeleton (D:7)
  A leopard gecko zombie (D:5)
  5 rats
  2 rat skeletons (Ossuary)
  3 rat zombies (Ossuary)
  A spectral orc (D:3)
  6 tentacles
1618 creatures vanquished.

Vanquished Creatures (collateral kills)
  An orc warrior (D:9)
  An orc wizard (D:9)
  4 orcs (D:9)
  A jackal (D:2)
  3 kobolds (D:9)
10 creatures vanquished.

Vanquished Creatures (others)
  Asterion (Spider:2)
  Ilsuiw (Shoals:4)
  A wolf spider (Spider:4)
  A yaktaur (Vaults:3)
  A jumping spider (Spider:3)
  A slime creature (D:15)
  A water moccasin (Lair:6)
  A slave (D:6)
  A bullfrog (D:6)
  A jackal (D:2)
  A gnoll skeleton (Ossuary)
  3 goblin skeletons (Ossuary)
  6 goblin zombies (Ossuary)
  4 hobgoblin skeletons (Ossuary)
  A hobgoblin zombie (Ossuary)
  2 kobold skeletons (Ossuary)
  2 kobold zombies (Ossuary)
  2 orc skeletons (Ossuary)
  2 orc zombies (Ossuary)
  A rat skeleton (Ossuary)
  3 fungi
  10 plants
  23 tentacles
70 creatures vanquished.

Grand Total: 1698 creatures vanquished

Notes
Turn   | Place    | Note
-------+----------+-------------------------------------------
     0 | D:1      | kuniqs the Vine Stalker Artificer began the quest for the Orb.
     0 | D:1      | Reached XP level 1. HP: 9/9 MP: 3/3
    52 | D:1      | Reached skill level 1 in Short Blades
    90 | D:1      | Reached skill level 1 in Fighting
   169 | D:1      | Reached XP level 2. HP: 5/14 MP: 1/5
   790 | D:1      | Reached XP level 3. HP: 18/18 MP: 6/6
  1209 | D:2      | Found a snail-covered altar of Cheibriados.
  1561 | D:2      | Gained mutation: Your natural rate of healing is unusually fast. [Vine Stalker growth]
  1561 | D:2      | Reached XP level 4. HP: 6/22 MP: 2/7
  1764 | D:3      | Noticed a sky beast
  1879 | D:2      | Killed a sky beast
  1879 | D:2      | Reached XP level 5. HP: 15/27 MP: 5/8
  2430 | D:4      | Found a sand-covered staircase.
  2439 | Ossuary  | Entered an ossuary
  2723 | Ossuary  | Reached XP level 6. HP: 22/32 MP: 9/9
  2769 | Ossuary  | Noticed Menkaure
  2801 | Ossuary  | Killed Menkaure
  3363 | D:3      | Reached XP level 7. HP: 18/36 MP: 8/10
  3544 | D:3      | Found a hazy altar of Hepliaklqana.
  3649 | D:3      | Found a basalt altar of Yredelemnul.
  3800 | D:5      | Entered Level 5 of the Dungeon
  4035 | D:4      | Learned a level 1 spell: Apportation
  4176 | D:4      | Learned a level 1 spell: Summon Small Mammal
  4202 | D:4      | Noticed Grinder
  4207 | D:4      | Paralysed by Grinder for 4 turns
  4221 | D:4      | Killed Grinder
  4331 | D:4      | Found Torhuni's Jewellery Boutique.
  4411 | D:4      | Found a blossoming altar of Fedhas.
  4933 | D:5      | Reached skill level 1 in Shields
  4933 | D:5      | Gained mutation: You have razor-sharp teeth. [Vine Stalker growth]
  4933 | D:5      | Reached XP level 8. HP: 40/40 MP: 11/11
  4950 | D:5      | Reached skill level 5 in Short Blades
  4950 | D:5      | Reached skill level 5 in Dodging
  5848 | D:6      | Noticed Pikel
  5897 | D:5      | Killed Pikel
  5963 | D:6      | Reached XP level 9. HP: 27/44 MP: 12/12
  6016 | D:6      | Found a deep blue altar of Sif Muna.
  6048 | D:6      | Found Pibloe Avawn's Antique Armour Shoppe.
  6050 | D:6      | Noticed Eustachio
  6066 | D:6      | Killed Eustachio
  6255 | D:6      | Found a staircase to the Ecumenical Temple.
  6280 | Temple   | Entered the Ecumenical Temple
  6319 | Temple   | Became a worshipper of Elyvilon the Healer
  6391 | D:6      | Found a glowing golden altar of the Shining One.
  6618 | D:8      | Noticed Sapher's ghost (novice DDGl)
  6619 | D:8      | Reached skill level 5 in Stealth
  6670 | D:8      | Killed Sapher's ghost
  6670 | D:8      | Reached XP level 10. HP: 49/49 MP: 13/13
  6989 | D:6      | Reached * piety under Elyvilon
  7075 | D:7      | Found a radiant altar of Vehumet.
  7151 | D:7      | Found a sacrificial altar of Ru.
  7199 | D:7      | Reached skill level 1 in Invocations
  7602 | D:8      | Found an opulent altar of Gozag.
  7936 | D:8      | Found a staircase to the Lair.
  8650 | D:7      | Reached ** piety under Elyvilon
  8810 | D:7      | Found a stormy altar of Qazlal.
  8977 | D:7      | Found an opulent altar of Gozag.
  8978 | D:7      | Found a glowing silver altar of Zin.
  9111 | D:8      | Found a burning altar of Makhleb.
  9111 | D:8      | Noticed an Executioner
  9114 | D:8      | Noticed an orange demon
  9262 | D:10     | Entered Level 10 of the Dungeon
  9549 | D:9      | Reached XP level 11. HP: 52/52 MP: 15/15
  9955 | D:9      | Reached skill level 5 in Invocations
  9996 | D:9      | Found a staircase to the Orcish Mines.
 10138 | D:9      | Reached *** piety under Elyvilon
 10189 | D:11     | Found a portal to a secret trove of treasure.
 10520 | D:10     | Found Eheniudd's Gadget Shop.
 10658 | D:10     | Noticed a hill giant
 10877 | D:11     | Got a crystal long sword
 10883 | D:11     | Identified the +9 long sword of Equilibrium {elec, Int+7} (You found it on level 11 of the Dungeon)
 10971 | D:12     | Found a flagged portal.
 11007 | Bailey   | Entered a bailey
 11314 | D:12     | Found Moolyurul's General Store.
 11424 | D:12     | Noticed a green ugly thing
 11444 | D:12     | Killed a green ugly thing
 11482 | D:12     | Reached **** piety under Elyvilon
 11541 | D:12     | Noticed Maurice
 11568 | D:12     | Killed Maurice
 11605 | D:12     | Noticed a hill giant
 11614 | D:12     | Killed a hill giant
 11804 | D:12     | Noticed Azrael
 11929 | D:12     | Killed Azrael
 11930 | D:12     | Gained mutation: You heal very quickly. [Vine Stalker growth]
 11930 | D:12     | Reached XP level 12. HP: 44/56 MP: 18/18
 11932 | D:12     | Reached skill level 10 in Short Blades
 12096 | D:13     | Noticed a catoblepas
 12104 | D:13     | Killed a catoblepas
 12519 | D:13     | Reached skill level 5 in Fighting
 12598 | D:13     | Reached skill level 10 in Stealth
 12695 | D:13     | Noticed a death knight
 12729 | D:13     | Killed a death knight
 13013 | D:13     | Reached XP level 13. HP: 65/65 MP: 19/21
 13113 | D:14     | Noticed a vault guard
 13113 | D:14     | Noticed a vault guard
 13114 | D:14     | Found a gate to the Vaults.
 13114 | D:14     | Noticed a vault guard
 13114 | D:14     | Noticed a vault guard
 13114 | D:14     | Noticed a vault guard
 13115 | D:14     | Noticed a vault guard
 13115 | D:14     | Noticed a vault guard
 13117 | D:14     | Noticed a vault guard
 13169 | D:13     | Killed a vault guard
 13244 | D:13     | Killed a vault guard
 13485 | D:14     | Killed a vault guard
 13566 | D:14     | Reached skill level 10 in Invocations
 13933 | D:14     | Noticed a tengu reaver
 13947 | D:14     | HP: 1/102 [tengu reaver/freezing blast (33)]
 13948 | D:14     | Killed a tengu reaver
 13984 | D:15     | Entered Level 15 of the Dungeon
 14308 | D:14     | Elyvilon protects you from harm!
 14403 | D:14     | Got a heavy robe
 14414 | D:14     | Identified the cursed +1 robe of the Sky {+Fly rCorr Str+3} (You found it on level 14 of the Dungeon)
 14540 | D:14     | Killed a vault guard
 14678 | D:14     | Killed a vault guard
 14763 | D:14     | Killed a vault guard
 14763 | D:14     | Reached XP level 14. HP: 75/75 MP: 23/23
 15379 | Orc:1    | Entered Level 1 of the Orcish Mines
 15399 | Orc:2    | Entered Level 2 of the Orcish Mines
 15777 | Orc:2    | Reached skill level 5 in Shields
 15778 | Orc:2    | Found a staircase to the Elven Halls.
 15980 | Orc:2    | Noticed Donald
 16087 | Orc:2    | Found Cogetz's Weapon Boutique.
 16087 | Orc:2    | Found Sipen's Weapon Emporium.
 16088 | Orc:2    | Found Uteok's Food Emporium.
 16088 | Orc:2    | Found Isiz's Weapon Shop.
 16306 | Orc:2    | Killed Donald
 16941 | Lair:1   | Entered Level 1 of the Lair of Beasts
 16960 | Lair:1   | Reached skill level 1 in Long Blades
 16972 | Lair:1   | Reached skill level 2 in Long Blades
 17067 | Lair:2   | Identified a scroll of acquirement
 17192 | Lair:2   | Reached skill level 3 in Long Blades
 17209 | Lair:2   | Reached ***** piety under Elyvilon
 17385 | Lair:2   | Found a hole to the Spider Nest.
 17588 | Lair:2   | Reached skill level 4 in Long Blades
 17819 | Lair:3   | Got a faintly glowing scale mail
 17832 | Lair:3   | Identified the +5 scale mail of Grace {rElec MR+ Stlth-} (You found it on level 3 of the Lair of Beasts)
 17880 | Lair:3   | Reached skill level 5 in Long Blades
 17935 | Lair:4   | Reached XP level 15. HP: 63/79 MP: 25/25
 18051 | Lair:4   | Noticed Chiseanne's ghost (journeyman DEHu)
 18079 | Lair:4   | Killed Chiseanne's ghost
 18079 | Lair:4   | Reached skill level 6 in Long Blades
 18101 | Lair:4   | Found a labyrinth entrance.
 18112 | Lab      | Entered a labyrinth
 18885 | Lab      | Identified the Almanac of Moulding and Feathers
 18886 | Lab      | Got a warped platinum ring
 18891 | Lab      | Got a faintly glowing scale mail
 18903 | Lab      | Identified the +2 scale mail "Tumifyh" {rC+} (You found it in a labyrinth)
 18918 | Lab      | Identified the ring "Kiywey" {rF+ Str-3 Int+8 SInv Stlth-} (You found it in a labyrinth)
 18936 | Lair:4   | Reached ****** piety under Elyvilon
 19088 | Lair:4   | Reached skill level 7 in Long Blades
 20013 | Lair:3   | Found a staircase to the Shoals.
 20298 | Lair:1   | Reached skill level 8 in Long Blades
 21018 | Lair:6   | Entered Level 6 of the Lair of Beasts
 21479 | Lair:5   | Reached skill level 9 in Long Blades
 21716 | Lair:6   | Noticed Rupert
 21744 | Lair:5   | Killed Rupert
 22017 | Lair:6   | Found a staircase to the Slime Pits.
 22018 | Lair:6   | Found a viscous altar of Jiyva.
 22152 | Lair:6   | Got a bloodstained leather armour
 22163 | Lair:6   | Identified the cursed +1 leather armour of Music {rC- rN+ Int+5} (You found it on level 6 of the Lair of Beasts)
 22229 | Lair:6   | Reached skill level 10 in Long Blades
 22920 | Spider:1 | Entered Level 1 of the Spider Nest
 22926 | Spider:1 | Reached skill level 11 in Long Blades
 23083 | Spider:1 | Reached XP level 16. HP: 84/84 MP: 26/26
 23094 | Spider:2 | Noticed Asterion
 23400 | Spider:1 | Reached skill level 12 in Long Blades
 23425 | Spider:1 | Noticed Louise
 23868 | Spider:2 | Got a flickering iron ring
 23870 | Spider:2 | Identified the ring "Caqut" {rF+ Slay+3} (You found it on level 2 of the Spider Nest)
 23988 | Spider:3 | Noticed Arachne
 24227 | Spider:2 | Killed Asterion
 24227 | Spider:2 | Reached skill level 13 in Long Blades
 24714 | Spider:1 | Reached skill level 1 in Armour
 25180 | Spider:3 | Killed Arachne
 25180 | Spider:3 | Reached skill level 10 in Fighting
 25722 | Spider:4 | Entered Level 4 of the Spider Nest
 25805 | Spider:3 | Gained mutation: You have supernaturally acute eyesight. (SInv) [potion of beneficial mutation]
 25806 | Spider:3 | Gained mutation: You possess an exceptional clarity of mind. [potion of beneficial mutation]
 25945 | Spider:4 | Noticed Kirke
 26108 | Spider:4 | Killed Kirke
 26108 | Spider:4 | Reached XP level 17. HP: 86/91 MP: 27/27
 26123 | Spider:4 | Reached skill level 5 in Armour
 27591 | Spider:4 | Got a gossamer rune of Zot
 27992 | Shoals:1 | Entered Level 1 of the Shoals
 29207 | Shoals:2 | Reached XP level 18. HP: 78/99 MP: 25/28
 29272 | Shoals:2 | Found a bloodstained altar of Trog.
 29738 | Shoals:4 | Entered Level 4 of the Shoals
 29839 | Shoals:3 | Noticed Aizul
 29864 | Shoals:3 | Killed Aizul
 30972 | Shoals:4 | Got a barnacled rune of Zot
 31055 | Shoals:4 | Noticed Ilsuiw
 31063 | Shoals:4 | Reached skill level 10 in Armour
 31112 | Shoals:4 | Killed Ilsuiw
 31128 | Shoals:4 | Noticed asdu's ghost (journeyman DDMo)
 31681 | Shoals:4 | Killed asdu's ghost
 31974 | Shoals:3 | Reached skill level 10 in Dodging
 32196 | D:6      | Bought a fine buckler for 332 gold pieces
 32196 | D:6      | Bought the +2 pair of boots of the Assassin {DetectMon Stab+ Stlth++} for 948 gold pieces
 32227 | D:6      | Identified the +1 buckler "Utorarue" {+Fly rC++} (You bought it in a shop on level 6 of the Dungeon)
 32298 | D:9      | You fall through a shaft for 2 floors!
 32609 | D:11     | Found a deep blue altar of Sif Muna.
 32625 | D:11     | Found a blossoming altar of Fedhas.
 33402 | D:15     | Reached XP level 19. HP: 101/106 MP: 21/29
 33637 | D:15     | Identified the +1 ring mail of the Ladybird {rElec Int+3} (You took it off an orc on level 15 of the Dungeon)
 34069 | D:15     | Found a staircase to the Depths.
 34256 | Vaults:1 | Entered Level 1 of the Vaults
 34601 | Vaults:1 | Reached skill level 14 in Long Blades
 35819 | Vaults:2 | Found a staircase to the Crypt.
 36105 | Vaults:2 | Reached skill level 15 in Long Blades
 36273 | Vaults:3 | Identified the cursed +1 scale mail of a treasure trove {Int+6} (You found it on level 3 of the Vaults)
 36452 | Vaults:2 | Found Camucob's Food Boutique.
 36522 | Vaults:2 | Reached XP level 20. HP: 60/111 MP: 30/30
 37052 | Vaults:4 | Found Nisyigg's Antique Weapon Shoppe.
 37134 | Vaults:4 | Found Befuffuck's Weapon Boutique.
 37162 | Vaults:4 | Found Rakk's Book Emporium.
 37238 | Vaults:4 | Found a flickering gateway to a bazaar.
 37243 | Bazaar   | Entered a bazaar
 37257 | Bazaar   | Found Feet's Antique Armour Shoppe.
 37273 | Bazaar   | Found Aqis's Antique Armour Emporium.
 37294 | Bazaar   | Found Ysupn's General Store.
 37302 | Bazaar   | Bought a scroll of blinking for 52 gold pieces
 37313 | Bazaar   | Found Viugi's Antique Armour Emporium.
 37313 | Bazaar   | Found Onuuguve's General Store.
 37319 | Bazaar   | Bought a scroll of enchant armour for 67 gold pieces
 37319 | Bazaar   | Bought a potion of might for 36 gold pieces
 37319 | Bazaar   | Bought 2 throwing nets for 54 gold pieces
 37319 | Bazaar   | Bought a potion of resistance for 90 gold pieces
 37325 | Bazaar   | Bought a pair of crude boots for 209 gold pieces
 37325 | Bazaar   | Bought a topaz-encrusted leather armour for 154 gold pieces
 37327 | Bazaar   | Identified the cursed +1 leather armour "Una Kogh" {rF+ rN+ rCorr} (You bought it in a shop in a bazaar)
 37329 | Bazaar   | Identified the cursed -5 pair of boots of Vaemeaf {Dex+4} (You bought it in a shop in a bazaar)
 37395 | Bazaar   | Bought a twisted chain mail for 247 gold pieces
 37395 | Bazaar   | Identified the +6 chain mail "Aczenwala" {-Tele +Inv rElec rC- MR+++} (You bought it in a shop in a bazaar)
 37749 | Vaults:5 | Entered Level 5 of the Vaults
 38018 | Vaults:4 | Reached skill level 16 in Long Blades
 39034 | Vaults:3 | Reached XP level 21. HP: 93/115 MP: 31/31
 39856 | Orc:2    | Bought the +14 plutonium sword {*Contam Stlth-} for 880 gold pieces
 39877 | Elf:1    | Entered Level 1 of the Elven Halls
 40119 | Elf:2    | Reached skill level 17 in Long Blades
 40139 | Elf:3    | Entered Level 3 of the Elven Halls
 40643 | Elf:1    | Noticed Roxanne
 40658 | Elf:1    | Killed Roxanne
 40660 | Elf:1    | Identified Roxanne's Grimoire of Transformation (You took it off Roxanne on level 1 of the Elven Halls)
 40944 | Elf:2    | Got a slimy hat
 40945 | Elf:2    | Identified the -4 hat of Waithreso {Dex+3} (You acquired it on level 2 of the Elven Halls)
 41053 | Elf:2    | Found a runed gate.
 41053 | Elf:2    | Found a runed gate.
 41053 | Elf:2    | Found a runed gate.
 41468 | Elf:3    | Noticed Bai Suzhen
 41491 | Elf:3    | Killed from afar by Bai Suzhen

Skill      XL: |  1  2  3  4  5  6  7  8  9 10 11 12 13 14 15 16 17 18 19 20 21 |
---------------+----------------------------------------------------------------+-----
Short Blades   | 1 2 3 4 6 7 8 9 10 | 10.2
Fighting       | 1 2 3 5 9 10 12 14 | 14.1
Stealth        | 2 3 6 8 10 11 | 11.0
Dodging        | 2 3 4 5 7 8 9 10 12 13 14 | 14.7
Shields        | 1 3 4 8 |  8.7
Invocations    | 4 7 9 11 12 | 12.0
Long Blades    | 5 11 13 15 16 17 | 17.5
Armour         | 4 8 11 | 11.0
Evocations     | |  2.7

Action                   |  1- 3 |  4- 6 |  7- 9 | 10-12 | 13-15 | 16-18 | 19-21 || total
-------------------------+-------+-------+-------+-------+-------+-------+-------++-------
Melee: Short sword       |   119 |   283 |   344 |   100 |       |       |       ||   846
       Bite              |    29 |    89 |   141 |   374 |   531 |   725 |   780 ||  2669
       Unarmed           |       |       |     5 |       |       |       |       ||     5
       Rapier            |       |       |    53 |       |       |       |       ||    53
       Dagger            |       |       |       |   582 |     2 |       |       ||   584
       Long sword        |       |       |       |   301 |  1156 |  1584 |  1138 ||  4179
       Falchion          |       |       |       |       |    18 |       |     3 ||    21
       Triple sword      |       |       |       |       |       |       |   266 ||   266
Throw: Tomahawk          |       |       |     6 |    12 |     2 |       |       ||    20
       Throwing net      |       |       |       |       |       |     2 |       ||     2
Invok: Lesser Healing    |       |       |       |     6 |       |     2 |       ||     8
       Greater Healing   |       |       |       |     4 |     4 |    23 |    10 ||    41
       Purification      |       |       |       |     2 |       |     1 |       ||     3
       Heal Other        |       |       |       |     1 |       |       |       ||     1
 Abil: Evoke Berserk Rag |       |       |     2 |     7 |     6 |     4 |       ||    19
Evoke: Wand              |     7 |     6 |    22 |     3 |     2 |    23 |       ||    63
  Use: Scroll            |     4 |     7 |     5 |     7 |    23 |    11 |    15 ||    72
       Potion            |       |       |     3 |     1 |     1 |    11 |     1 ||    17
 Stab: Sleeping          |     6 |     3 |     4 |    32 |    42 |     8 |    26 ||   121
       Distracted        |       |       |     1 |     4 |     7 |     1 |     6 ||    19
       Paralysed         |       |       |       |     1 |       |       |       ||     1
       Confused          |       |       |       |     1 |       |       |       ||     1
       Petrifying        |       |       |       |       |     2 |       |       ||     2
       Petrified         |       |       |       |       |     2 |       |       ||     2
  Eat: Chunk             |     2 |     5 |     9 |    32 |    29 |    29 |    23 ||   129
       Pizza             |       |     1 |       |       |     1 |       |     1 ||     3
       Beef jerky        |       |       |     1 |       |       |     6 |       ||     7
       Bread ration      |       |       |     1 |       |       |       |       ||     1
       Royal jelly       |       |       |     1 |       |       |       |       ||     1
       Fruit             |       |       |       |     3 |     1 |       |       ||     4
       Meat ration       |       |       |       |       |     2 |     3 |     1 ||     6
Armor: Leather armour    |    32 |    40 |    69 |   105 |       |       |       ||   246
       Skin              |       |       |     3 |       |       |       |       ||     3
       Robe              |       |       |       |    59 |     1 |       |       ||    60
       Troll leather arm |       |       |       |       |   110 |       |       ||   110
       Scale mail        |       |       |       |       |   204 |   676 |   454 ||  1334
Dodge: Dodged            |    67 |   127 |   209 |   535 |   833 |   926 |   963 ||  3660
Block: Buckler           |       |       |    49 |   213 |   163 |    48 |   390 ||   863
       Shield            |       |       |       |       |   382 |   892 |       ||  1274
       Rpst.: Long sword |       |       |       |    52 |   178 |   192 |   160 ||   582
       Falchion          |       |       |       |       |     1 |       |       ||     1
       Triple sword      |       |       |       |       |       |       |    68 ||    68
